Map: Torches LE

Players

IIIIIIIII - Winner!

  • Race: Terran Terran
  • League: Grandmaster
  • Spawn Location: 5:00

mosquito

  • Race: Terran Terran
  • League: Grandmaster
  • Spawn Location: 1:00

VOD

Have the link to the VOD?

Description

Time

  • Played on: Aug. 17, 2025, 1:24 p.m.
  • Length: 8:26
Show
View Real Time Build Order
Export as new Build Order

IIIIIIIII Terran - Winner!

Build Orders: Mech 

Get SALT Encoding   

  12  0:00  SCV  
  13  0:12  SCV  
  14  0:17  Supply Depot  
  14  0:24  SCV  
  15  0:38  SCV  
  15  0:39  Barracks  
  16  0:44  Refinery  
  16  0:51  SCV  
  16  0:53  Refinery  
  17  1:03  SCV  
  18  1:15  SCV  
  19  1:26  Barracks Reactor  
  19  1:27  Orbital Command  
  19  1:29  Supply Depot  
  19  1:43  Factory  
  19  1:53  SCV  
  20  2:03  Reaper  
  20  2:05  SCV  
  20  2:06  Reaper  
  23  2:17  SCV  
  24  2:25  Command Center  
  26  2:30  Hellion  
  26  2:35  Supply Depot  
  26  2:38  Reaper  
  26  2:42  Reaper  
  28  2:45  SCV  
  31  2:51  Hellion  
  31  2:57  SCV  
  32  3:00  Starport  
  32  3:09  SCV  
  33  3:13  Factory Tech Lab, Marine x2  
  35  3:21  SCV  
  36  3:31  Refinery  
  36  3:33  SCV  
  37  3:38  Orbital Command, Siege Tank  
  40  3:53  SCV  
  40  4:05  SCV  
  40  4:06  SCV  
  39  4:12  Supply Depot  
  39  4:18  SCV  
  39  4:19  Siege Tank  
  39  4:21  SCV  
  39  4:24  Refinery, Viking x2  
  46  4:27  Supply Depot  
  46  4:30  SCV  
  49  4:36  SCV  
  50  4:39  Starport  
  50  4:42  SCV  
  51  4:48  SCV  
  52  4:53  Siege Tank  
  52  4:54  SCV  
  52  4:57  Liberator  
  59  5:00  Viking  
  59  5:03  SCV, Supply Depot  
  62  5:16  Viking  
  62  5:17  Supply Depot  
  62  5:18  SCV x2  
  66  5:25  Siege Tank  
  69  5:30  SCV, Marine, Viking  
  69  5:33  SCV  
  74  5:37  Supply Depot  
  74  5:40  Viking  
  76  5:45  SCV  
  76  5:47  Viking  
  75  6:12  Siege Tank  
  75  6:13  Viking x2  
  82  6:33  Liberator  
  82  6:36  SCV x2  
  82  6:38  Supply Depot  
  82  6:39  Supply Depot  
  84  6:42  Liberator  
  84  6:45  Command Center  
  87  6:48  SCV x2  
  87  6:52  Siege Tank  
  92  6:56  Supply Depot  
  92  7:00  SCV  
  91  7:08  Liberator  
  92  7:21  SCV x2  
  91  7:25  Siege Tank  
  94  7:30  Refinery  
  94  7:33  Refinery  
  94  7:36  SCV x2  
  96  7:39  Supply Depot x2  
  96  7:47  Factory  
  96  7:48  SCV x2  
  96  7:49  Factory  
  94  7:52  Viking x2  
  94  7:53  Viking  
  92  8:00  SCV  
Show
View Real Time Build Order
Export as new Build Order

mosquito Terran 

Build Orders:  

Get SALT Encoding   

  12  0:00  SCV  
  13  0:12  SCV  
  14  0:17  Supply Depot  
  14  0:25  SCV  
  15  0:39  SCV  
  15  0:40  Barracks  
  16  0:43  Refinery  
  16  0:51  SCV  
  16  0:52  Refinery  
  17  1:03  SCV  
  18  1:15  SCV  
  19  1:27  Orbital Command, Reaper  
  20  1:33  Supply Depot  
  20  1:40  Factory  
  20  1:53  SCV  
  21  1:59  Reaper  
  22  2:06  SCV  
  23  2:16  Command Center  
  23  2:18  SCV  
  24  2:23  Hellion  
  26  2:30  SCV  
  26  2:32  Reaper  
  26  2:34  Supply Depot  
  28  2:42  SCV  
  29  2:45  Hellion  
  29  2:50  Starport  
  31  2:56  SCV  
  32  3:04  Barracks Reactor  
  32  3:05  Refinery  
  32  3:06  Factory Tech Lab  
  32  3:08  SCV  
  33  3:20  SCV  
  32  3:28  Cyclone  
  32  3:29  Starport Tech Lab  
  32  3:32  Orbital Command  
  35  3:35  SCV  
  35  3:40  Marine x2  
  38  3:48  SCV  
  36  3:58  Raven  
  32  4:17  Cyclone  
  32  4:20  SCV x2  
  37  4:27  Marine x2, Interference Matrix  
  39  4:32  SCV x2  
  41  4:44  SCV x2  
  43  4:45  Supply Depot  
  43  4:48  Command Center  
  43  4:52  Siege Tank  
  46  4:57  SCV  
  47  5:04  Raven  
  47  5:05  SCV  
  50  5:07  Supply Depot  
  50  5:09  SCV  
  50  5:13  Marine x2  
  50  5:14  Refinery  
  53  5:17  SCV  
  53  5:21  SCV  
  55  5:25  Siege Tank  
  58  5:29  SCV  
  58  5:31  Supply Depot  
  58  5:33  SCV  
  60  5:40  Starport  
  60  5:42  SCV  
  61  5:45  SCV  
  61  5:48  Marine  
  61  5:49  Viking x2  
  67  5:54  SCV  
  68  5:57  SCV  
  69  6:06  SCV  
  69  6:09  Orbital Command  
  63  6:12  Siege Tank  
  66  6:21  Viking x3  
  72  6:26  SCV x2  
  69  6:47  Siege Tank  
  69  6:51  Viking x2  
  76  6:56  Viking  
  75  7:08  SCV  
  69  7:16  Marine  
  69  7:17  SCV  
  69  7:18  SCV  
  69  7:20  SCV  
  69  7:21  Viking x2  
  69  7:22  Siege Tank  
  80  7:29  Viking  
  82  7:32  SCV x2  
  84  7:37  SCV  
  84  7:46  SCV  
  80  8:06  SCV x2  
  84  8:18  Refinery  
  84  8:22  Refinery, Factory  
  84  8:24  Factory  
Tags
 
Composition
Mech
Matchup
ТvТ
Spawn Locations
Close Positions
Add a new tag
Caveats
  • Supply blocks, unpowered buildings, or Contaminate may cause inaccurate times.
  • Supply counts are checked every 10 seconds.